 Dungeon Crawl Stone Soup version 0.27-a0-103-g6cd7b45605 (webtiles) character file.

Game seed: 13401234711137559086

7761 dickylongcocking the Geomancer (level 11, -3/97 HPs)
             Began as a Deep Dwarf Earth Elementalist on Jan 22, 2021.
             Was a Priest of Makhleb.
             Slain by a two-headed ogre
             ... wielding a +0 giant club
              (18 damage)
             ... on level 10 of the Dungeon.
             The game lasted 00:14:01 (9719 turns).

dickylongcocking the Geomancer (DDEE)               Turns: 9719, Time: 00:14:01

Health: -3/97      AC: 11    Str: 14    XL:     11   Next: 1%
Magic:  15/20      EV: 14    Int: 20    God:    Makhleb [***...]
Gold:   231        SH:  0    Dex: 13    Spells: 9/22 levels left

rFire    + . .     SeeInvis +   J - +5 scimitar (freeze)
rCold    . . .     Faith    .   (no shield)
rNeg     . . .     Spirit   .   I - +0 steam dragon scales
rPois    .         Reflect  .   G - +2 helmet {SInv}
rElec    .         Harm     .   (no cloak)
rCorr    .         Rampage  .   (no gloves)
Will     +....                  x - +1 pair of boots
Stlth    +.........             (no amulet)
HPRegen  0.00/turn              A - ring of Tahir {Str+3 Stlth-}
MPRegen  0.17/turn              u - ring of protection from fire

@: non-regenerating
A: damage resistance, heal wounds, claws 1, fangs 1, talons 1, sense
surroundings 2, MP-powered wands, no regeneration
a: Heal Wounds, Renounce Religion, Minor Destruction, Lesser Servant of Makhleb


You were on level 10 of the Dungeon.
You worshipped Makhleb.
Makhleb was most pleased with you.
You visited 2 branches of the dungeon, and saw 11 of its levels.

You collected 478 gold pieces.
You spent 247 gold pieces at shops.

Inventory:

Hand Weapons
 f - a +0 whip
 g - a +4 whip of venom
 i - a -3 dagger
 k - a +0 quarterstaff
 J - a +5 scimitar of freezing (weapon)
Missiles
 b - 17 stones
Armour
 c - a +0 robe
 r - a +1 helmet
 x - a +1 pair of boots (worn)
 y - the +2 leather armour of Tomorrow {rElec rF- Str+4}
   (You found it on level 5 of the Dungeon)

   It affects your strength (+4).
   It makes you vulnerable to fire.
   It insulates you from electricity.
 G - a +2 helmet of see invisible (worn)
 I - +0 steam dragon scales (worn)
Magical Staves
 v - an uncursed staff of fire
Jewellery
 a - an uncursed ring of fire
 s - an uncursed ring of teleportation
 u - a ring of protection from fire (right claw)
 A - the ring of Tahir (left claw) {Str+3 Stlth-}
   (You found it on level 5 of the Dungeon)

   [ring of attention]

   It affects your strength (+3).
   It makes you less stealthy.
 E - an uncursed ring of protection from fire
 F - a +6 ring of dexterity
Wands
 m - a wand of random effects (29)
 q - a wand of digging (9)
 C - a wand of flame (33)
Scrolls
 d - 2 scrolls of identify
 h - 4 scrolls of enchant weapon
 j - 3 scrolls of fog
 l - a scroll of immolation {unknown}
 n - 3 scrolls of enchant armour
 o - 3 scrolls of teleportation
 p - a scroll of blinking
 t - 2 scrolls of amnesia
 z - 2 scrolls of noise
 D - a scroll of remove curse
 H - a scroll of fear {unknown}
Potions
 w - 4 potions of flight
 B - 3 potions of magic {unknown}


   Skills:
 * Level 5.7 Fighting
 * Level 6.2 Maces & Flails
 * Level 4.4 Armour
 * Level 5.1 Dodging
 - Level 2.5 Stealth
 * Level 6.2 Spellcasting
 * Level 1.7 Transmutations
 * Level 13.9 Earth Magic


You had 9 spell levels left.
You knew the following spells:

 Your Spells              Type           Power        Failure   Level
a - Sandblast             Erth           100%         1%          1
b - Petrify               Tmut/Erth      37%          4%          4
c - Lee's Rapid Deconstr  Erth           29%          1%          5
x - Stone Arrow           Conj/Erth      68%          1%          3

Your spell library contained the following spells:

 Spells                   Type           Power        Failure   Level
 Passwall                 Tmut/Erth      30%          1%          2
 Apportation              Tloc           12%          11%         1
 Freeze                   Ice            24%          11%         1
 Magic Dart               Conj           24%          11%         1
 Blink                    Tloc           N/A          16%         2
 Call Imp                 Summ           6%           16%         2
 Slow                     Hex            6%           16%         2
 Conjure Flame            Conj/Fire      6%           30%         3
 Frozen Ramparts          Ice            12%          30%         3
 Gell's Gravitas          Tloc           3%           30%         3
 Lesser Beckoning         Tloc           3%           30%         3
 Mephitic Cloud           Conj/Pois/Air  6%           30%         3
 Ozocubu's Armour         Ice            6%           30%         3
 Teleport Other           Tloc           6%           30%         3
 Tukima's Dance           Hex            6%           30%         3
 Hailstorm                Conj/Ice       6%           71%         4
 Passage of Golubria      Tloc           N/A          71%         4
 Summon Ice Beast         Ice/Summ       6%           71%         4
 Alistair's Intoxication  Tmut/Pois      6%           89%         5
 Invisibility             Hex            6%           100%        6


Dungeon Overview and Level Annotations

Branches:
Dungeon (10/15)            Temple (1/1) D:5            Lair (0/6) D:10
    Orc: D:9-12

Altars:
Ashenzari
Cheibriados
Dithmenos
Elyvilon
Fedhas
Gozag
Hepliaklqana
Kikubaaqudgha
Makhleb
Nemelex Xobeh
Okawaru
Qazlal
Ru
Sif Muna
Trog
Uskayaw
Vehumet
Wu Jian
Xom
Yredelemnul
Zin
The Shining One

Shops:
D:7 :[**   D:9 [[


Innate Abilities, Weirdness & Mutations

You are resistant to damage.
You can heal yourself by infusing magical energy.
You passively map the area around you.
You do not regenerate.
You have sharp fingernails.
You have very sharp teeth.
You have sharp toenails.
You expend magic power (3 MP) to strengthen your wands.


Message History

Unknown command.
Found 23 sling bullets.
The two-headed ogre hits you with a +0 giant club!!
The two-headed ogre closely misses you.
Casting: Sandblast (safe; 1% risk of failure)
Confirm with . or Enter, or press ? or * to list all spells.
Aiming: Sandblast (safe; 1% risk of failure)
Press: ? - help, Shift-Dir - straight line, f - two-headed ogre
Aim: a two-headed ogre, wielding two +0 giant clubs (8% to evade)
The blast of sand hits the two-headed ogre!!
The two-headed ogre is heavily wounded.
The two-headed ogre hits you with a +0 giant club!!
The two-headed ogre hits you with a +0 giant club.
* * * LOW HITPOINT WARNING * * *
Unknown command.
You feel better.
The two-headed ogre hits you with a +0 giant club!!
* * * LOW HITPOINT WARNING * * *
The two-headed ogre hits you with a +0 giant club!!
You die...

#...########...#######
#...# ...#, #.#.# ,
*...' , #..)## * .# *,
#....##### , * ,,
#....#(.. *
#...†#'###**
#........#** ,
#....@##.# , ,
#.#...O..# ,, , ,
#........# , , ,
#.....?..# *** * * *
#.##...#... , , #.
....#...., , #
....#,.... , ##....
.... ,, , ,,


You could see a two-headed ogre.

Vanquished Creatures
  A two-headed ogre (D:10)
  Pikel (D:4)
  A gargoyle (D:8)
  3 trolls
  7 yaks
  A wyvern (D:8)
  A steam dragon (D:9)
  Menkaure (D:7)
  A floating eye (D:9)
  A water moccasin (D:5)
  Duvessa (D:7)
  An ice beast (D:9)
  2 orc warriors
  3 sky beasts
  A black bear (D:8)
  4 ogres
  3 centaurs
  A big kobold (D:8)
  4 bullfrogs
  A gnoll sergeant (D:8)
  2 scorpions
  Dowan (D:7)
  11 wights
  2 killer bees (D:9)
  A howler monkey (D:9)
  A centaur zombie (D:9)
  A quasit (D:9)
  A bullfrog zombie (D:9)
  2 jellies
  6 orc priests
  2 centaur skeletons (D:9)
  8 hounds
  2 bullfrog skeletons
  8 orc wizards
  2 iguanas
  Terence (D:2)
  Natasha (thrice) (D:4)
  A hell rat (D:10)
  6 worker ants
  11 gnolls
  20 adders
  2 shadow imps
  2 white imps
  2 oozes
  3 ufetubi
  An adder zombie (D:9)
  3 adder skeletons
  5 worms
  5 leopard geckos
  31 orcs
  A giant cockroach (D:1)
  9 goblins
  7 hobgoblins
  20 jackals
  12 kobolds
  6 quokkas
  A ball python (D:4)
  8 bats
  5 frilled lizards
  A jackal skeleton (D:6)
  A leopard gecko zombie (D:6)
  7 rats
  A spectral orc (D:5)
264 creatures vanquished.

Vanquished Creatures (others)
  5 withered plants (D:3)
5 creatures vanquished.

Grand Total: 269 creatures vanquished

Notes
Turn   | Place    | Note
-------+----------+-------------------------------------------
     0 | D:1      | dickylongcocking the Deep Dwarf Earth Elementalist began
                  | the quest for the Orb.
     0 | D:1      | Reached XP level 1. HP: 15/15 MP: 3/3
   271 | D:1      | Reached XP level 2. HP: 22/22 MP: 0/5
  1173 | D:1      | Reached skill level 5 in Earth Magic
  1350 | D:2      | Reached XP level 3. HP: 26/28 MP: 2/6
  1714 | D:2      | Reached XP level 4. HP: 29/36 MP: 1/7
  1801 | D:2      | Reached skill level 6 in Earth Magic
  2024 | D:2      | Found a white marble altar of Elyvilon.
  2202 | D:2      | Found a shadowy altar of Dithmenos.
  2202 | D:2      | Found a shimmering altar of Xom.
  2279 | D:3      | Found an ancient bone altar of Kikubaaqudgha.
  2517 | D:3      | Noticed Terence
  2541 | D:2      | Killed Terence
  2761 | D:3      | Reached skill level 7 in Earth Magic
  2783 | D:2      | Reached XP level 5. HP: 14/42 MP: 0/8
  3398 | D:4      | Reached skill level 8 in Earth Magic
  3573 | D:4      | Found a snail-covered altar of Cheibriados.
  3580 | D:4      | Reached XP level 6. HP: 31/49 MP: 7/9
  3634 | D:4      | Noticed Natasha
  3638 | D:4      | Killed Natasha
  3639 | D:4      | Reached skill level 9 in Earth Magic
  3773 | D:4      | Noticed Natasha
  3777 | D:4      | Killed Natasha
  3785 | D:4      | Noticed Pikel
  3787 | D:4      | Gained mutation: You expend magic power (3 MP) to
                  | strengthen your wands. [potion of mutation]
  3787 | D:4      | Gained mutation: You have sharp fingernails. [potion of
                  | mutation]
  3787 | D:4      | Gained mutation: You have sharp toenails. [potion of
                  | mutation]
  3787 | D:4      | Gained mutation: You have very sharp teeth. [potion of
                  | mutation]
  3804 | D:4      | Killed Pikel
  3805 | D:4      | Reached skill level 11 in Earth Magic
  3805 | D:4      | Reached XP level 7. HP: 55/55 MP: 0/10
  3835 | D:4      | Noticed Natasha
  3839 | D:4      | Killed Natasha
  3844 | D:4      | Learned a level 3 spell: Stone Arrow
  3850 | D:4      | Learned a level 5 spell: Lee's Rapid Deconstruction
  4263 | D:5      | Entered Level 5 of the Dungeon
  4315 | D:5      | Got a glimmering leather armour
  4325 | D:5      | Identified the +2 leather armour of Tomorrow {rElec rF-
                  | Str+4} (You found it on level 5 of the Dungeon)
  4434 | D:5      | Got a flickering platinum ring
  4483 | D:5      | Reached XP level 8. HP: 32/62 MP: 0/12
  4639 | D:5      | Found a basalt altar of Yredelemnul.
  4692 | D:5      | Found a staircase to the Ecumenical Temple.
  4697 | Temple   | Entered the Ecumenical Temple
  4702 | Temple   | Became a worshipper of Makhleb the Destroyer
  4794 | D:5      | Reached skill level 1 in Fighting
  4794 | D:5      | Reached skill level 1 in Maces & Flails
  4816 | D:5      | Reached skill level 12 in Earth Magic
  4828 | D:5      | Identified the ring of Tahir {Str+3 Stlth-} (You found it
                  | on level 5 of the Dungeon)
  5068 | D:6      | Found a stormy altar of Qazlal.
  5079 | D:6      | Found a broken altar of Ashenzari.
  5083 | D:6      | Found an opulent altar of Gozag.
  5083 | D:6      | Found a white marble altar of Elyvilon.
  5086 | D:6      | Found a sparkling altar of Nemelex Xobeh.
  5249 | D:6      | Found an ornate altar of the Wu Jian Council.
  5322 | D:6      | Reached * piety under Makhleb
  5582 | D:6      | Gained mutation: You passively map the area around you.
                  | [Deep Dwarf growth]
  5582 | D:6      | Reached XP level 9. HP: 33/75 MP: 5/15
  5681 | D:6      | Found a shimmering blue altar of Sif Muna.
  5753 | D:7      | Found Tingoa's Book Shoppe.
  5786 | D:7      | Noticed Dowan
  5786 | D:7      | Noticed Duvessa
  5789 | D:7      | Killed Dowan
  5795 | D:7      | Killed Duvessa
  5893 | D:7      | Found a burning altar of Makhleb.
  6065 | D:7      | Found Hedd's Antique Armour Shoppe.
  6071 | D:7      | Found Faneitz's General Store.
  6083 | D:7      | Reached ** piety under Makhleb
  6085 | D:7      | Bought a pair of runed boots for 247 gold pieces
  6216 | D:7      | Found Osusequd's Assorted Antiques.
  6262 | D:7      | Noticed Menkaure
  6266 | D:7      | Killed Menkaure
  6650 | D:8      | Noticed a gargoyle
  6651 | D:8      | Killed a gargoyle
  6732 | D:8      | Reached skill level 5 in Spellcasting
  6732 | D:8      | Reached skill level 13 in Earth Magic
  7001 | D:8      | Found a shadowy altar of Dithmenos.
  7040 | D:8      | Reached skill level 1 in Armour
  7480 | D:9      | Found Xablotes's Armour Boutique.
  7510 | D:9      | Noticed a troll
  7519 | D:9      | Killed a troll
  7520 | D:9      | Reached skill level 5 in Maces & Flails
  7663 | D:9      | Reached XP level 10. HP: 30/87 MP: 15/18
  7715 | D:9      | Found Sioxot's Armour Boutique.
  8036 | D:9      | Reached *** piety under Makhleb
  8124 | D:9      | Reached skill level 5 in Fighting
  8528 | D:10     | Entered Level 10 of the Dungeon
  8835 | D:10     | Noticed a two-headed ogre
  8842 | D:10     | Killed a two-headed ogre
  8920 | D:10     | Noticed a death yak
  8920 | D:10     | Noticed a death yak
  8921 | D:10     | Noticed a two-headed ogre
  8949 | D:9      | Learned a level 4 spell: Petrify
  9201 | D:9      | Reached skill level 1 in Transmutations
  9366 | D:10     | Reached skill level 5 in Dodging
  9507 | D:10     | Found a staircase to the Lair.
  9683 | D:10     | Reached XP level 11. HP: 79/97 MP: 12/20
  9719 | D:10     | Slain by a two-headed ogre

Illustrated notes

Levels and vault maps discovered:
D:1:      dpeg_arrival_shelter, layout_basic
D:2:      layout_rooms, gammafunk_temple_overflow_elements, elyvilon_altar_1
D:3:      layout_rooms, kiku_gazebo_garden_becter, minmay_joined_circles,
          uniq_terence
D:4:      layout_basic, cheibriados_altar_1, uniq_natasha, uniq_pikel
D:5:      layout_rooms, yredelemnul_forgotten_temple_becter,
          minmay_temple_entry_ruins, kennysheep_cluttered_room
D:6:      layout_rooms, minitemple, led_sif_pool, basic_altar
D:7:      layout_rooms, serial_shops, shop, shop, nicolae_shop_waterfront,
          nicolae_shop_stone, lemuel_tele_altar, uniq_duvessa, uniq_menkaure
D:8:      layout_loops_ring, nicolae_dithmenos_shadow_blocks
D:9:      layout_cave_pools, serial_shops, shop, nicolae_shop_waterfront,
          hangedman_decor_opposing, onia_ninara_cookie
D:10:     layout_stronghold, dpeg_lair_monsters, grunt_ministairs_4
Temple:   minmay_freezing_vapour_temple

Skill      XL: |  1  2  3  4  5  6  7  8  9 10 |
---------------+-------------------------------+-----
Spellcasting   | 2 3 4 5 6 |  6.2
Earth Magic    | 5 7 8 11 12 13 | 13.9
Fighting       | 3 4 5 |  5.7
Maces & Flails | 3 5 6 |  6.2
Armour         | 2 4 |  4.4
Dodging        | 3 5 |  5.1
Transmutations | 1 |  1.7
Stealth        | |  2.5

Action                   |  1- 3 |  4- 6 |  7- 9 | 10-12 || total
-------------------------+-------+-------+-------+-------++-------
Melee: Quarterstaff      |       |     6 |       |       ||     6
       Whip              |       |     9 |    17 |     3 ||    29
       Kick              |       |       |     1 |       ||     1
       Bite              |       |       |     2 |     2 ||     4
       Scimitar          |       |       |       |    11 ||    11
 Cast: Sandblast         |    59 |    86 |   132 |   108 ||   385
       Lee's Rapid Decon |       |       |     7 |     9 ||    16
       Stone Arrow       |       |       |    13 |     8 ||    21
       Petrify           |       |       |       |     4 ||     4
  Use: Scroll            |     1 |       |    10 |     1 ||    12
       Potion            |       |     7 |     3 |     3 ||    13
Armor: Robe              |     6 |     9 |       |       ||    15
       Leather armour    |       |       |    15 |       ||    15
       Skin              |       |       |     5 |       ||     5
       Steam dragon scal |       |       |     2 |    39 ||    41
Dodge: Dodged            |    20 |    63 |    48 |    66 ||   197
       Rpst.: Scimitar   |       |       |       |    10 ||    10

Table legend: (Time is in decaauts)
 A = Elapsed time spent in this place.
 B = Non-inter-level travel time spent in this place.
 C = Inter-level travel time spent in this place.
 D = Time resting spent in this place.
 E = Time spent auto-exploring this place.
 F = Levels seen in this place.
 G = Mean time per level.
                   A        B        C        D        E       F      G
               +--------+--------+--------+--------+--------+-----+--------+
         Total |   9721 |   9390 |    331 |    727 |   7227 |  11 |  883.7 |
       Dungeon |   9711 |   9384 |    327 |    727 |   7227 |  10 |  971.1 |
        Temple |     10 |      6 |      4 |      0 |      0 |   1 |   10.0 |
               +--------+--------+--------+--------+--------+-----+--------+

Top non-repeatable levels by time:
     D:9: 1484 daAuts
     D:1: 1337 daAuts
     D:2: 1262 daAuts
     D:4: 929 daAuts
     D:8: 870 daAuts
     D:7: 854 daAuts
     D:5: 788 daAuts
    D:10: 762 daAuts
     D:3: 734 daAuts
     D:6: 685 daAuts
  Temple: 10 daAuts
